Map: Newkirk Precinct TE (Void)

Players

Geralt (Gerald) - Winner!

  • Race: Protoss Protoss
  • League: Grandmaster
  • Spawn Location: 7:00

Railgan

  • Race: Zerg Zerg
  • League: Grandmaster
  • Spawn Location: 5:00

VOD

Have the link to the VOD?

Description

Time

  • Played on: March 15, 2017, 4:37 p.m.
  • Length: 18:48
Show
View Real Time Build Order
Export as new Build Order

Geralt Protoss - Winner!

Build Orders: 1 Gate Expand, Zealot Archon, Dark Templar Rush 

Get SALT Encoding   

  12  0:01  Probe (Chrono Boost)  
  13  0:11  Probe (Chrono Boost)  
  14  0:24  Pylon  
  14  0:25  Probe (Chrono Boost)  
  15  0:42  Gateway, Probe (Chrono Boost)  
  16  0:51  Assimilator  
  16  0:52  Probe (Chrono Boost)  
  17  1:03  Probe (Chrono Boost)  
  18  1:13  Probe (Chrono Boost)  
  19  1:32  Nexus  
  19  1:34  Cybernetics Core  
  19  1:37  Probe (Chrono Boost)  
  20  1:44  Assimilator  
  20  1:47  Probe (Chrono Boost)  
  20  1:52  Pylon  
  21  1:58  Probe (Chrono Boost)  
  22  2:08  Adept  
  22  2:09  Probe (Chrono Boost)  
  22  2:15  Warp Gate  
  25  2:21  Probe (Chrono Boost)  
  26  2:29  Twilight Council  
  26  2:33  Adept  
  26  2:34  Probe (Chrono Boost)  
  28  2:45  Probe (Chrono Boost)  
  28  2:46  Probe (Chrono Boost)  
  30  2:55  Probe (Chrono Boost)  
  30  2:57  Adept  
  30  2:58  Probe (Chrono Boost)  
  34  3:06  Probe (Chrono Boost)  
  34  3:10  Probe (Chrono Boost)  
  34  3:12  Dark Shrine  
  36  3:16  Probe (Chrono Boost)  
  35  3:21  Adept  
  35  3:22  Probe (Chrono Boost)  
  35  3:25  Pylon  
  38  3:28  Probe (Chrono Boost)  
  40  3:34  Probe (Chrono Boost)  
  40  3:35  Pylon  
  40  3:39  Probe (Chrono Boost)  
  41  3:44  Robotics Facility, Adept  
  41  3:47  Probe (Chrono Boost)  
  44  3:51  Probe (Chrono Boost)  
  45  4:01  Mothership Core (Chrono Boost)  
  45  4:02  Probe (Chrono Boost)  
  48  4:08  Gateway  
  48  4:11  Gateway  
  48  4:13  Probe (Chrono Boost)  
  49  4:21  Probe (Chrono Boost)  
  50  4:26  Probe (Chrono Boost)  
  49  4:33  Probe (Chrono Boost)  
  49  4:37  Probe (Chrono Boost)  
  48  4:40  Warp Prism  
  48  4:45  Probe (Chrono Boost)  
  48  4:47  Assimilator  
  48  4:49  Probe (Chrono Boost), Assimilator  
  48  4:51  Gateway  
  48  4:52  Pylon  
  49  4:57  Probe (Chrono Boost)  
  50  5:01  Probe (Chrono Boost)  
  50  5:03  Dark Templar  
  53  5:09  Probe (Chrono Boost)  
  53  5:13  Pylon, Probe (Chrono Boost)  
  55  5:18  Immortal  
  55  5:19  Dark Templar  
  58  5:26  Probe (Chrono Boost)  
  62  5:31  Probe (Chrono Boost)  
  63  5:35  Pylon  
  63  5:36  Dark Templar  
  63  5:37  Probe (Chrono Boost)  
  63  5:38  Dark Templar  
  63  5:40  Archon  
  63  5:42  Archon  
  68  5:46  Pylon  
  68  5:51  Probe (Chrono Boost)  
  68  5:52  Immortal  
  68  5:53  Probe (Chrono Boost)  
  70  6:01  Probe (Chrono Boost)  
  75  6:05  Pylon  
  75  6:07  Adept  
  75  6:09  Adept  
  75  6:10  Adept  
  81  6:18  Nexus  
  81  6:20  Pylon  
  81  6:25  Pylon  
  81  6:27  Robotics Bay  
  81  6:29  Immortal  
  81  6:33  Probe (Chrono Boost)  
  81  6:37  Probe (Chrono Boost)  
  87  6:44  Probe (Chrono Boost)  
  88  6:49  Blink, Probe (Chrono Boost)  
  89  6:54  Pylon, Probe (Chrono Boost)  
  89  6:56  Pylon  
  91  7:01  Probe (Chrono Boost), Stalker x2  
  91  7:07  Stalker x2  
  99  7:22  Probe (Chrono Boost)  
  100  7:26  Disruptor  
  100  7:28  Stalker x2  
  104  7:33  Probe (Chrono Boost)  
  104  7:34  Probe (Chrono Boost)  
  104  7:35  Probe (Chrono Boost)  
  110  7:38  Forge  
  110  7:43  Stalker x2  
  115  7:46  Probe (Chrono Boost)  
  115  7:49  Assimilator  
  115  7:53  Assimilator  
  115  7:57  Disruptor  
  105  8:00  Robotics Facility, Probe (Chrono Boost)  
  109  8:11  Probe (Chrono Boost)  
  111  8:13  Probe (Chrono Boost)  
  111  8:18  Stalker x2  
  111  8:19  Stalker x2  
  119  8:21  Protoss Ground Weapons Level 1  
  119  8:22  Probe (Chrono Boost)  
  120  8:32  Probe (Chrono Boost)  
  121  8:34  Pylon  
  121  8:43  Gateway  
  121  8:45  Gateway  
  121  8:47  Observer, Stalker x4  
  129  8:48  Gateway x2  
  130  8:58  Gateway  
  130  9:01  Extended Thermal Lance  
  126  9:18  Probe (Chrono Boost)  
  126  9:21  Stalker x4  
  126  9:23  Disruptor  
  133  9:27  Probe (Chrono Boost)  
  133  9:29  Warp Prism  
  127  9:49  Probe (Chrono Boost)  
  128  9:56  Colossus  
  116  10:02  Probe (Chrono Boost)  
  116  10:04  Colossus, Probe (Chrono Boost)  
  116  10:06  Stalker x4  
  132  10:18  Probe (Chrono Boost)  
  132  10:20  Nexus  
  133  10:22  Pylon  
  133  10:24  Pylon  
  133  10:26  Assimilator  
  134  10:29  Probe (Chrono Boost)  
  116  10:43  Stalker x4  
  116  10:47  Probe (Chrono Boost)  
  116  10:48  Observer  
  120  10:58  Colossus, Dark Templar x3  
  120  11:01  Colossus  
  135  11:14  Stalker x5  
  138  11:42  Probe (Chrono Boost)  
  139  11:49  Stalker x4  
  139  11:50  Stalker x4  
  139  11:53  Probe (Chrono Boost)  
  156  11:55  Colossus  
  156  12:01  Probe (Chrono Boost), Assimilator  
  157  12:03  Photon Cannon  
  157  12:04  Protoss Ground Armor Level 1  
  157  12:05  Photon Cannon  
  157  12:08  Photon Cannon  
  155  12:12  Probe (Chrono Boost)  
  156  12:16  Probe (Chrono Boost)  
  156  12:17  Colossus  
  163  12:32  Stalker x4  
  169  12:38  Probe (Chrono Boost)  
  169  12:40  Pylon, Nexus  
  169  12:41  Pylon  
  168  12:44  Pylon  
  166  13:02  Colossus  
  166  13:04  Stalker  
  166  13:05  Stalker x7  
  182  13:10  Colossus  
  190  13:45  Assimilator  
  190  13:46  Pylon  
  190  13:48  Pylon  
  190  13:50  Pylon, Stargate  
  190  13:51  Assimilator  
  190  13:53  Disruptor, Protoss Ground Weapons Level 2  
  184  13:56  Stargate  
  184  13:58  Stargate  
  184  14:02  Probe (Chrono Boost)  
  190  14:03  Probe (Chrono Boost)  
  190  14:04  Disruptor, Probe (Chrono Boost)  
  193  14:18  Photon Cannon  
  193  14:20  Photon Cannon  
  193  14:22  Photon Cannon  
  175  14:44  Dark Templar x2  
  175  14:45  Dark Templar x6  
  189  14:50  Archon x4  
  189  14:54  Forge  
  189  14:56  Pylon  
  189  14:58  Pylon  
  189  15:01  Pylon  
  159  15:40  Colossus x2  
  171  16:01  Protoss Ground Armor Level 2  
  171  16:08  Dark Templar x8  
  187  16:16  Archon x2  
  187  16:17  Archon x2  
  187  16:22  Nexus  
  187  16:24  Fleet Beacon  
  187  16:26  Assimilator  
  187  16:31  Assimilator  
  187  16:33  Pylon  
  187  16:34  Disruptor x2  
  187  16:36  Pylon  
  167  17:02  Stalker x2  
  167  17:03  Stalker x6  
  183  17:09  Colossus x2  
  195  17:17  Photon Cannon  
  195  17:20  Photon Cannon  
  195  17:21  Photon Cannon  
  195  17:22  Photon Cannon x2  
  195  17:24  Photon Cannon  
Show
View Real Time Build Order
Export as new Build Order

Railgan Zerg 

Build Orders: Hatch First, Swarm Host 

Get SALT Encoding   

  12  0:01  Drone  
  13  0:12  Drone  
  14  0:20  Extractor, Drone  
  14  0:23  Extractor, Drone  
  16  0:44  Hatchery  
  16  0:49  Overlord  
  15  1:06  Spawning Pool  
  15  1:08  Drone  
  15  1:12  Drone  
  15  1:15  Drone  
  17  1:20  Drone  
  18  1:26  Extractor  
  18  1:30  Drone  
  18  1:40  Drone  
  19  1:53  Queen  
  19  1:54  Zergling x2  
  22  1:56  Queen  
  22  1:57  Drone  
  25  2:02  Drone  
  25  2:07  Overlord  
  26  2:13  Drone  
  27  2:23  Drone  
  27  2:28  Queen  
  27  2:29  Metabolic Boost  
  30  2:34  Drone  
  31  2:41  Queen  
  33  2:48  Evolution Chamber, Drone  
  33  2:52  Overlord  
  33  2:57  Drone  
  33  2:58  Drone  
  35  3:04  Drone  
  36  3:11  Drone x3  
  39  3:17  Drone x3  
  41  3:21  Zerg Melee Weapons Level 1  
  41  3:24  Zergling x2  
  41  3:26  Zergling x2  
  43  3:30  Extractor  
  43  3:31  Zergling x2  
  43  3:37  Overlord  
  43  3:38  Extractor  
  43  3:40  Drone  
  43  3:45  Overlord  
  43  3:52  Lair  
  43  3:55  Drone  
  44  3:58  Drone  
  44  3:59  Roach Warren  
  44  4:04  Zergling x6  
  44  4:05  Zergling x2  
  44  4:09  Drone  
  49  4:14  Drone  
  50  4:19  Drone x2  
  50  4:23  Drone x2  
  51  4:27  Drone  
  51  4:28  Drone x2  
  52  4:44  Drone  
  53  4:48  Roach x3  
  56  4:54  Glial Reconstitution  
  56  4:55  Overseer  
  56  4:56  Drone x4  
  56  4:58  Extractor  
  59  5:08  Drone  
  59  5:12  Infestation Pit  
  59  5:13  Overlord  
  59  5:21  Overlord  
  59  5:24  Overlord  
  58  5:31  Overlord, Queen x2  
  58  5:33  Drone x2  
  58  5:35  Zerg Melee Weapons Level 2  
  64  5:36  Zergling x4  
  64  5:38  Zergling x2  
  67  5:48  Zergling x2  
  67  5:49  Zergling x2  
  69  5:52  Zergling x4  
  71  6:01  Pathogen Glands  
  70  6:07  Burrow  
  69  6:22  Drone  
  69  6:25  Infestor x2  
  74  6:28  Infestor  
  74  6:34  Zergling x2  
  74  6:35  Hatchery, Zergling x8  
  74  6:36  Overlord  
  78  6:52  Zergling x8  
  78  6:53  Zergling x2  
  83  6:54  Infestor  
  83  6:57  Zergling x2  
  83  6:58  Zergling x6  
  83  7:00  Drone  
  93  7:03  Baneling Nest  
  86  7:18  Pneumatized Carapace  
  78  7:23  Drone x2  
  78  7:24  Drone  
  79  7:36  Drone x7  
  86  7:54  Swarm Host x2  
  86  7:57  Overlord  
  100  7:59  Zerg Missile Weapons Level 1  
  100  8:00  Swarm Host  
  100  8:04  Overlord x2  
  100  8:05  Overlord  
  103  8:09  Baneling  
  103  8:10  Baneling x9  
  103  8:11  Overlord  
  103  8:14  Overlord  
  103  8:16  Overlord  
  101  8:24  Swarm Host  
  110  8:36  Zergling x6  
  113  8:44  Centrifical Hooks  
  113  8:48  Hatchery  
  113  8:51  Zergling x2  
  113  8:52  Zergling x8  
  117  8:57  Overlord  
  117  9:00  Swarm Host x2  
  119  9:21  Swarm Host x3  
  128  9:25  Zergling x16  
  121  9:41  Zergling x2  
  121  9:43  Zergling x2  
  114  9:49  Zergling x4  
  110  9:57  Zergling x2  
  93  10:00  Swarm Host  
  93  10:01  Swarm Host x4  
  105  10:08  Swarm Host x2  
  105  10:12  Zergling x2  
  112  10:17  Extractor  
  112  10:18  Extractor  
  110  10:22  Swarm Host  
  110  10:24  Zergling x2  
  110  10:25  Baneling, Zergling x6  
  118  10:39  Zergling x4  
  118  10:40  Zergling x6  
  117  10:43  Swarm Host x2  
  122  10:52  Zergling x2  
  122  10:53  Zergling x6  
  122  10:57  Swarm Host  
  126  10:59  Swarm Host  
  131  11:07  Zergling x4  
  131  11:10  Overseer  
  120  11:21  Swarm Host x2  
  126  11:39  Drone x2  
  122  11:51  Zergling x14  
  122  11:52  Overlord  
  129  12:05  Swarm Host x4  
  141  12:13  Zergling x6  
  144  12:20  Drone x2  
  144  12:22  Zergling x2  
  147  12:25  Zerg Missile Weapons Level 2  
  147  12:28  Zergling x6  
  148  12:31  Baneling x5  
  148  12:35  Zergling x4  
  139  12:51  Hatchery  
  139  12:55  Zergling x2  
  139  12:56  Swarm Host, Zergling x6  
  139  12:57  Swarm Host x4  
  156  13:02  Zergling x2  
  157  13:08  Zergling x8  
  157  13:09  Neural Parasite  
  157  13:10  Zergling x2  
  162  13:17  Zergling x2  
  162  13:19  Zergling x2  
  164  13:31  Infestor  
  164  13:32  Infestor  
  164  13:33  Overlord x2  
  167  13:43  Overlord  
  167  13:46  Overlord  
  158  13:53  Swarm Host x6  
  165  13:57  Drone x3  
  168  14:04  Zergling x2  
  168  14:05  Zergling x4  
  168  14:08  Baneling x2  
  171  14:18  Swarm Host x2  
  171  14:23  Zergling x4  
  171  14:24  Zergling x2  
  147  14:40  Swarm Host x4  
  147  14:44  Infestor  
  159  14:50  Infestor x2  
  163  15:03  Zergling x2  
  164  15:17  Zergling x2  
  156  15:30  Swarm Host x4  
  156  15:31  Swarm Host x4  
  156  15:34  Zergling x2  
  156  15:35  Zergling x6  
  183  15:38  Swarm Host  
  183  15:40  Zergling x2  
  174  15:53  Zergling x2  
  174  15:54  Overlord  
  175  16:03  Drone  
  176  16:08  Overlord x2  
  176  16:09  Overlord  
  176  16:16  Infestor x2  
  180  16:22  Overseer x2  
  180  16:27  Zergling x4  
  148  16:57  Swarm Host x8  
  148  16:59  Zergling x2  
  148  17:00  Zergling x4  
  163  17:02  Swarm Host  
  166  17:15  Infestor  
  168  17:26  Overseer  
  168  17:40  Extractor  
  168  17:41  Extractor  
  160  18:03  Swarm Host  
  163  18:07  Zergling x4  
Tags
 
Add a new tag
Caveats
  • Supply blocks, unpowered buildings, or Contaminate may cause inaccurate times.
  • Supply counts are checked every 10 seconds.